SL
PHOENIX HOTSPUR @ NEW AMSTERDAM REPUBLICS
09/23/2020
 
TOP OF THE 1ST
Phoenix Hotspur batting - Pitching for New Amsterdam Republics : RHP Andy Coker
Pitching: RHP Andy Coker
Batting: RHB Chriss Mann 0-0: Called Strike
0-1: Foul Ball, location: 2F
0-2: Ball
1-2: Foul Ball, location: 2F
1-2: Foul Ball, location: 2F
1-2: Hit by Pitch
Batting: LHB Earl Ellis 0-0: Ball
1-0: Ball
2-0: Ball
3-0: Called Strike
3-1: Foul Ball, location: 2F
3-2: Base on Balls
Chriss Mann to second
Batting: RHB Terry Armstrong 0-0: Fly out, F9 (Flyball, 89D)
Runner from 2nd tags up, SAFE at 3rd, no throw
Batting: LHB Mike Pace 0-0: Foul Ball, location: 2F
0-1: Fielders Choice at 2nd, 4-6 (Groundball, 34)
Chriss Mann scores
Batting: RHB Raúl González 0-0: Ball
1-0: Ball
2-0: Ball
3-0: Base on Balls
Mike Pace to second
Batting: LHB Curt Webb 0-0: Called Strike
0-1: Ball
1-1: Foul Ball, location: 2F
1-2: Foul Ball, location: 2F
1-2: Ball
2-2: Fly out, F8 (Line Drive, 8LM)
Top of the 1st over - 1 run(s), 0 hit(s), 0 error(s), 2 left on base; Phoenix 1 - New Amsterdam 0
BOTTOM OF THE 1ST
New Amsterdam Republics batting - Pitching for Phoenix Hotspur : LHP José Granados
Pitching: LHP José Granados
Batting: RHB Doug Reed 0-0: Called Strike
0-1: Called Strike
0-2: Ball
1-2: Fly out, F6 (Popup, 6MD)
Batting: RHB Hank Wilder 0-0: Ball
1-0: Foul Ball, location: 2F
1-1: Ball
2-1: Foul Ball, location: 2F
2-2: Strikes out swinging
Batting: RHB Carlos Ortega 0-0: Ball
1-0: Ground out 6-3 (Groundball, 6M)
Bottom of the 1st over - 0 run(s), 0 hit(s), 0 error(s), 0 left on base; Phoenix 1 - New Amsterdam 0
TOP OF THE 2ND
Phoenix Hotspur batting - Pitching for New Amsterdam Republics : RHP Andy Coker
Batting: RHB Donald Thompson 0-0: Ball
1-0: Ball
2-0: SINGLE (Groundball, 6MD)
Batting: LHB Ricardo Miranda 0-0: Swinging Strike
0-1: Grounds into double play, 6-4-3 (Groundball, 6)
Batting: LHB José Granados 0-0: Called Strike
0-1: Ball
1-1: Ball
2-1: Called Strike
2-2: Strikes out looking
Top of the 2nd over - 0 run(s), 1 hit(s), 0 error(s), 0 left on base; Phoenix 1 - New Amsterdam 0
BOTTOM OF THE 2ND
New Amsterdam Republics batting - Pitching for Phoenix Hotspur : LHP José Granados
Batting: RHB Júlio Maldonado 0-0: Foul Ball, location: 2F
0-1: Ball
1-1: Ball
2-1: Foul Ball, location: 2F
2-2: Ball
3-2: Ground out 6-3 (Groundball, 6)
Batting: RHB Takeru Sanu 0-0: Called Strike
0-1: Ball
1-1: Ball
2-1: Ball
3-1: Called Strike
3-2: Foul Ball, location: 2F
3-2: Base on Balls
Batting: LHB Steve Ingram 0-0: Ball
1-0: Called Strike
1-1: Ball
2-1: Ball
3-1: Base on Balls
Takeru Sanu to second
Batting: RHB Tim Robinson 0-0: Ball
1-0: Foul Ball, location: 2F
1-1: Grounds into double play, 6-4-3 (Groundball, 6)
Bottom of the 2nd over - 0 run(s), 0 hit(s), 0 error(s), 1 left on base; Phoenix 1 - New Amsterdam 0
TOP OF THE 3RD
Phoenix Hotspur batting - Pitching for New Amsterdam Republics : RHP Andy Coker
Batting: RHB Chriss Mann 0-0: Called Strike
0-1: Ball
1-1: Swinging Strike
1-2: Foul Ball, location: 2F
1-2: Ball
2-2: Fly out, F5 (Line Drive, 5)
Batting: LHB Earl Ellis 0-0: Called Strike
0-1: Reached on error, E3 (Groundball, 3)
Batting: RHB Terry Armstrong 0-0: Ball
1-0: Ball
2-0: Ball
3-0: Called Strike
3-1: Fly out, F3 (Popup, 23)
Batting: LHB Mike Pace 0-0: Called Strike
0-1: Ball
1-1: Ball
2-1: Foul Ball, location: 2F
2-2: Ball
3-2: SINGLE (Line Drive, 8RS)
Earl Ellis to second
Earl Ellis to third
Batting: RHB Raúl González 0-0: Swinging Strike
0-1: Ball
1-1: Ground out 6-3 (Groundball, 6MS)
Top of the 3rd over - 0 run(s), 1 hit(s), 1 error(s), 2 left on base; Phoenix 1 - New Amsterdam 0
BOTTOM OF THE 3RD
New Amsterdam Republics batting - Pitching for Phoenix Hotspur : LHP José Granados
Batting: RHB Roy Clay 0-0: SOLO HOME RUN (Flyball, 7LD), Distance : 353 ft
Batting: RHB Andy Coker 0-0: Called Strike
0-1: Foul Ball, location: 2F
0-2: Foul Ball, location: 2F
0-2: Ball
1-2: Ball
2-2: Ball
3-2: Foul Ball, location: 2F
3-2: Strikes out swinging
Batting: RHB Doug Reed 0-0: Called Strike
0-1: Swinging Strike
0-2: Strikes out swinging
Batting: RHB Hank Wilder 0-0: Swinging Strike
0-1: Ball
1-1: Swinging Strike
1-2: Strikes out swinging
Bottom of the 3rd over - 1 run(s), 1 hit(s), 0 error(s), 0 left on base; Phoenix 1 - New Amsterdam 1
TOP OF THE 4TH
Phoenix Hotspur batting - Pitching for New Amsterdam Republics : RHP Andy Coker
Batting: LHB Curt Webb 0-0: Ball
1-0: Ball
2-0: Called Strike
2-1: Foul Ball, location: 2F
2-2: Ball
3-2: SINGLE (Line Drive, 34)
Batting: RHB Donald Thompson 0-0: Foul Ball, location: 2F
0-1: 2-RUN HOME RUN (Flyball, 78XD), Distance : 420 ft
Batting: LHB Ricardo Miranda 0-0: Ball
1-0: Called Strike
1-1: SINGLE (Groundball, 5D)
Pinch Hitting: RHB Phil Johnston 0-0: Ball
1-0: Swinging Strike
Ricardo Miranda is caught stealing 2nd base
1-1: Ball
2-1: Called Strike
2-2: Strikes out swinging
Batting: RHB Chriss Mann 0-0: Ball
1-0: Foul Ball, location: 2F
1-1: Hit by Pitch
Batting: LHB Earl Ellis 0-0: Ball
1-0: Ball
2-0: Ball
3-0: Base on Balls
Chriss Mann to second
Batting: RHB Terry Armstrong 0-0: Ball
1-0: Ground out 4-3 (Groundball, 4)
Top of the 4th over - 2 run(s), 3 hit(s), 0 error(s), 2 left on base; Phoenix 3 - New Amsterdam 1
BOTTOM OF THE 4TH
New Amsterdam Republics batting - Pitching for Phoenix Hotspur : LHP José Granados
Pitching: RHP Tom Bowen
Batting: RHB Carlos Ortega 0-0: Ball
1-0: Called Strike
1-1: Called Strike
1-2: Foul Ball, location: 2F
1-2: Strikes out looking
Batting: RHB Júlio Maldonado 0-0: Ball
1-0: Foul Ball, location: 2F
1-1: Called Strike
1-2: Ground out 5-3 (Groundball, 56)
Batting: RHB Takeru Sanu 0-0: Ball
1-0: Ball
2-0: Swinging Strike
2-1: Called Strike
2-2: Foul Ball, location: 2F
2-2: Fly out, F8 (Flyball, 8RS)
Bottom of the 4th over - 0 run(s), 0 hit(s), 0 error(s), 0 left on base; Phoenix 3 - New Amsterdam 1
TOP OF THE 5TH
Phoenix Hotspur batting - Pitching for New Amsterdam Republics : RHP Andy Coker
Batting: LHB Mike Pace 0-0: SINGLE (Line Drive, 56D)
Batting: RHB Raúl González 0-0: Called Strike
0-1: Ball
1-1: Foul Ball, location: 2F
1-2: Ball
2-2: Foul Ball, location: 2F
2-2: Fly out, F4 (Line Drive, 4M)
2-2: Lined into DP, 4-3 (Line Drive, 4M)
Batting: LHB Curt Webb 0-0: Ground out 6-3 (Groundball, 6M)
Top of the 5th over - 0 run(s), 1 hit(s), 0 error(s), 0 left on base; Phoenix 3 - New Amsterdam 1
BOTTOM OF THE 5TH
New Amsterdam Republics batting - Pitching for Phoenix Hotspur : RHP Tom Bowen
Batting: LHB Steve Ingram 0-0: Called Strike
0-1: Foul Ball, location: 2F
0-2: Foul Ball, location: 2F
0-2: Ball
1-2: Ground out 4-3 (Groundball, 4M)
Batting: RHB Tim Robinson 0-0: Called Strike
0-1: Fly out, F8 (Line Drive, 8RD)
Batting: RHB Roy Clay 0-0: Ball
1-0: Foul Ball, location: 2F
1-1: Ground out U3 (Groundball, 3S)
Bottom of the 5th over - 0 run(s), 0 hit(s), 0 error(s), 0 left on base; Phoenix 3 - New Amsterdam 1
TOP OF THE 6TH
Phoenix Hotspur batting - Pitching for New Amsterdam Republics : RHP Andy Coker
Batting: RHB Donald Thompson 0-0: Called Strike
0-1: DOUBLE (Line Drive, 5L)
Batting: LHB Ricardo Miranda 0-0: SINGLE (Groundball, 3D)
Donald Thompson to third
Pinch Hitting: RHB Phil Terry 0-0: Ball
1-0: Foul Ball, location: 2F
1-1: Swinging Strike
1-2: DOUBLE (Flyball, 9S)
Donald Thompson scores
Ricardo Miranda to third
Batting: RHB Chriss Mann 0-0: Called Strike
0-1: Ball
1-1: Foul Ball, location: 2F
1-2: Ball
2-2: Strikes out swinging
Batting: LHB Earl Ellis 0-0: Called Strike
0-1: Ground out 4-3 (Groundball, 4)
Batting: RHB Terry Armstrong 0-0: Ball
1-0: Fly out, F9 (Flyball, 9S)
Top of the 6th over - 1 run(s), 3 hit(s), 0 error(s), 2 left on base; Phoenix 4 - New Amsterdam 1
BOTTOM OF THE 6TH
New Amsterdam Republics batting - Pitching for Phoenix Hotspur : RHP Tom Bowen
Pitching: RHP Craig Gasnier
Batting: RHB Andy Coker 0-0: SINGLE (Groundball, 56)
Batting: RHB Doug Reed 0-0: Foul Ball, location: 2F
0-1: Sac Bunt - play at first, batter OUT! 1-3
Andy Coker to second
Batting: RHB Hank Wilder 0-0: Ball
1-0: DOUBLE (Line Drive, 78S)
Andy Coker scores
Batting: RHB Carlos Ortega 0-0: Foul Ball, location: 2F
0-1: Ball
1-1: Called Strike
1-2: Strikes out swinging
Batting: RHB Júlio Maldonado 0-0: Ball
1-0: Ball
2-0: Ball
3-0: Called Strike
3-1: Base on Balls
Batting: RHB Takeru Sanu 0-0: Foul Ball, location: 2F
0-1: SINGLE (Line Drive, 9S)
Hank Wilder to third
Júlio Maldonado to second
Runner from 3rd tries for Home, SAFE, no throw or cutoff
Batting: LHB Steve Ingram 0-0: Ball
1-0: Ball
2-0: Fly out, F9 (Flyball, 9M)
Bottom of the 6th over - 2 run(s), 3 hit(s), 0 error(s), 2 left on base; Phoenix 4 - New Amsterdam 3
TOP OF THE 7TH
Phoenix Hotspur batting - Pitching for New Amsterdam Republics : RHP Andy Coker
Batting: LHB Mike Pace 0-0: Ball
1-0: Called Strike
1-1: Fly out, F9 (Flyball, 8RS)
Batting: RHB Raúl González 0-0: Swinging Strike
0-1: Ball
1-1: Ball
2-1: Called Strike
2-2: Foul Ball, location: 2F
2-2: Ground out 5-3 (Groundball, 56)
Batting: LHB Curt Webb 0-0: Called Strike
0-1: Fly out, F7 (Flyball, 7D)
Top of the 7th over - 0 run(s), 0 hit(s), 0 error(s), 0 left on base; Phoenix 4 - New Amsterdam 3
BOTTOM OF THE 7TH
New Amsterdam Republics batting - Pitching for Phoenix Hotspur : RHP Craig Gasnier
Batting: RHB Tim Robinson 0-0: Called Strike
0-1: Ball
1-1: Ground out 6-3 (Groundball, 6)
Batting: RHB Roy Clay 0-0: Ball
1-0: Swinging Strike
1-1: SINGLE (Groundball, 6MD)
Pinch Hitting: SHB Todd Hill 0-0: Ball
1-0: Ball
2-0: Swinging Strike
2-1: Swinging Strike
2-2: Ball
3-2: Base on Balls
Roy Clay to second
Batting: RHB Doug Reed 0-0: Ball
1-0: Called Strike
1-1: Called Strike
1-2: Strikes out swinging
Batting: RHB Hank Wilder 0-0: Ball
1-0: Swinging Strike
1-1: Ball
2-1: Foul Ball, location: 2F
2-2: Ground out 4-3 (Groundball, 4)
Bottom of the 7th over - 0 run(s), 1 hit(s), 0 error(s), 2 left on base; Phoenix 4 - New Amsterdam 3
TOP OF THE 8TH
Phoenix Hotspur batting - Pitching for New Amsterdam Republics : RHP Andy Coker
Pitching: RHP Albert Emery
Batting: RHB Donald Thompson 0-0: Called Strike
0-1: Ball
1-1: Ball
2-1: Swinging Strike
2-2: Strikes out swinging
Batting: LHB Ricardo Miranda 0-0: Ball
1-0: Fly out, F9 (Flyball, 9M)
Pinch Hitting: RHB Daniel Cooper 0-0: Ball
1-0: Ball
2-0: Foul Ball, location: 2F
2-1: Swinging Strike
2-2: Strikes out looking
Top of the 8th over - 0 run(s), 0 hit(s), 0 error(s), 0 left on base; Phoenix 4 - New Amsterdam 3
BOTTOM OF THE 8TH
New Amsterdam Republics batting - Pitching for Phoenix Hotspur : RHP Craig Gasnier
Pitching: RHP Craig Moody
Batting: RHB Carlos Ortega 0-0: Ball
1-0: Called Strike
1-1: Ball
2-1: Ball
3-1: Foul Ball, location: 2F
3-2: Base on Balls
Pitching: RHP Miguel Herrera
Batting: RHB Júlio Maldonado 0-0: Ball
1-0: Ball
2-0: Ball
3-0: Called Strike
3-1: Swinging Strike
3-2: Foul Ball, location: 2F
3-2: Grounds into double play, 6-4-3 (Groundball, 6M)
Batting: RHB Takeru Sanu 0-0: Called Strike
0-1: Ball
1-1: Foul Ball, location: 2F
1-2: Strikes out swinging
Bottom of the 8th over - 0 run(s), 0 hit(s), 0 error(s), 0 left on base; Phoenix 4 - New Amsterdam 3
TOP OF THE 9TH
Phoenix Hotspur batting - Pitching for New Amsterdam Republics : RHP Albert Emery
Pitching: RHP Gavin Blackburn
Batting: RHB Chriss Mann 0-0: SINGLE (Flyball, 78S)
Batting: LHB Earl Ellis 0-0: Ball
1-0: Sac Bunt - play at first, batter OUT! 2-4
Chriss Mann to second
Batting: RHB Terry Armstrong 0-0: Ball
1-0: Called Strike
1-1: Foul Ball, location: 2F
1-2: Ball
2-2: Fly out, F9 (Flyball, 9M)
Runner from 2nd tags up, SAFE at 3rd with throw
Batting: LHB Mike Pace 0-0: Ball
1-0: Foul Ball, location: 2F
1-1: Ball
2-1: Fly out, F8 (Flyball, 8RXD)
Top of the 9th over - 0 run(s), 1 hit(s), 0 error(s), 1 left on base; Phoenix 4 - New Amsterdam 3
BOTTOM OF THE 9TH
New Amsterdam Republics batting - Pitching for Phoenix Hotspur : RHP Miguel Herrera
Pitching: LHP Henry Simpson
Batting: LHB Steve Ingram 0-0: Ball
1-0: Foul Ball, location: 2F
1-1: Ground out 1-3 (Groundball, 23)
Batting: RHB Tim Robinson 0-0: Swinging Strike
0-1: Ground out 4-3 (Groundball, 34)
Pinch Hitting: RHB Ronald Shelton 0-0: Called Strike
0-1: Ball
1-1: Ball
2-1: Foul Ball, location: 2F
2-2: Ball
3-2: Strikes out swinging
Bottom of the 9th over - 0 run(s), 0 hit(s), 0 error(s), 0 left on base; Phoenix 4 - New Amsterdam 3
This league is powered by Out of the Park Baseball, the baseball management simulation game for PC, Mac and Linux
Friday, October 23rd, 2015 - OOTP Baseball 16.9 Build 39